 Dungeon Crawl Stone Soup version 0.30.1-4-g462c640d31 (webtiles) character file.

Game seed: 17778168255777258863

3714 safid the Frost Mage (level 10, -2/76 HPs)
             Began as a Merfolk Ice Elementalist on Sept 11, 2023.
             Was a Priest of Vehumet.
             Killed from afar by Erica (28 damage)
             ... with a bolt of poison
             ... on level 9 of the Dungeon.
             The game lasted 00:15:58 (10092 turns).

safid the Frost Mage (Merfolk Ice Elementalist)    Turns: 10092, Time: 00:15:59

Health: -2/76      AC:  4    Str:  9    XL:     10   Next: 14%
Magic:  7/20       EV: 16    Int: 18    God:    Vehumet [***...]
Gold:   386        SH:  0    Dex: 15    Spells: 8/23 levels left

rFire   + . .        s - +5 dire flail
rCold   . . .        (shield currently unavailable)
rNeg    . . .        a - +0 robe
rPois   .            t - +0 helmet
rElec   .            (no cloak)
rCorr   .            (no gloves)
SInv    .            m - +0 pair of boots
Will    .....        (no amulet)
Stlth   ++           u - ring of protection from fire
HPRegen 0.32/turn    (no ring)
MPRegen 0.17/turn

%: no passive effects
@: lethally poisoned (-2 -> -18), studying Fighting
A: (nimble swimmer 2), mertail
a: Renounce Religion


You were on level 9 of the Dungeon.
You worshipped Vehumet.
Vehumet was most pleased with you.
You visited 2 branches of the dungeon, and saw 10 of its levels.

You collected 414 gold pieces.
You spent 28 gold pieces at shops.

Inventory:

Hand Weapons
 s - a +5 dire flail (weapon)
Missiles
 v - 2 curare-tipped darts
Armour
 a - a +0 robe (worn)
 m - a +0 pair of boots (worn)
 t - a +0 helmet (worn)
Jewellery
 u - a ring of protection from fire (left hand)
Wands
 x - a wand of flame (12)
 B - a wand of charming (8)
Scrolls
 d - 3 scrolls of fog
 g - 3 scrolls of magic mapping
 h - 2 scrolls of amnesia
 o - 3 scrolls of fear
 r - 6 scrolls of teleportation
 z - a scroll of brand weapon {unknown}
 A - 2 scrolls of blinking
Potions
 b - 2 potions of magic
 c - a potion of brilliance {unknown}
 e - 6 potions of curing
 f - a potion of ambrosia {unknown}
 i - a potion of lignification {unknown}
 j - 2 potions of might
 k - a potion of mutation {unknown}
 l - a potion of heal wounds
 n - 2 potions of berserk rage
 p - a potion of haste {unknown}
 q - 2 potions of invisibility
 w - a potion of resistance {unknown}


   Skills:
 + Level 5.9 Fighting
 - Level 8.0 Dodging
 - Level 2.1 Stealth
 + Level 7.2 Spellcasting
 + Level 3.4 Conjurations
 + Level 9.5 Ice Magic
 + Level 2.5 Air Magic


You had 8 spell levels left.
You knew the following spells:

 Your Spells              Type           Power      Damage    Failure   Level
a - Freeze                Ice            100%       1d10      1%          1
b - Frozen Ramparts       Ice            80%        1d13      1%          3
c - Ozocubu's Armour      Ice            40%        N/A       1%          3
d - Hailstorm             Conj/Ice       29%        3d8       1%          3
e - Freezing Cloud        Conj/Ice/Air   12%        6-21      10%         5

Your spell library contained the following spells:

 Spells                   Type           Power      Damage    Failure   Level
 Static Discharge         Conj/Air       34%        2-4/arc   1%          2
 Poisonous Vapours        Pois/Air       22%        N/A       2%          2
 Dazzling Flash           Conj/Hex       24%        N/A       4%          3
 Mephitic Cloud           Conj/Pois/Air  13%        N/A       4%          3
 Slow                     Hex            24%        N/A       11%         1
 Ice Form                 Ice/Tmut       23%        N/A       16%         4
 Summon Ice Beast         Ice/Summ       23%        N/A       16%         4
 Confusing Touch          Hex            6%         N/A       32%         3
 Vampiric Draining        Necr           6%         2d6       32%         3
 Silence                  Hex/Air        5%         N/A       86%         5
 Simulacrum               Ice/Necr       11%        N/A       93%         6
 Agony                    Necr           6%         N/A       96%         5


Dungeon Overview and Level Annotations

Branches:
Dungeon (9/15)             Temple (1/1) D:4            Lair (0/5) D:8
    Orc: D:9-12

Altars:
Ashenzari
Cheibriados
Fedhas
Gozag
Hepliaklqana
Kikubaaqudgha
Makhleb
Nemelex Xobeh
Qazlal
Ru
Sif Muna
Trog
Vehumet
Xom
Yredelemnul
Zin
The Shining One

Shops:
D:9 ?

Annotations:
D:4 3 runed translucent doors, rvierbuc's ghost, amateur DsGl
D:5 1 runed translucent door, Crazy Yiuf
D:6 3 runed translucent doors, gohan83's ghost, novice DECj; middlethird's ghost, amateur FoNe
D:9 Erica


Innate Abilities, Weirdness & Mutations

((You are very nimble when in or above water. (Stealth+, EV+, Speed+++)))
Your lower body shifts to a powerful aquatic tail in water.


Message History

The heat melts your icy armour.
Your icy armour and frozen ramparts will break if you move.
Continue?
You sock something!
The wall freezes something.
Something hits you. The heat melts your icy armour.
Your icy armour and frozen ramparts will break if you move.
Continue?
You closely miss something.
The frozen ramparts melt away.
You hear some strange, mumbled words.
A bolt of poison appears from out of thin air!
The bolt of poison hits you!!
You are poisoned.
Your magical contamination has completely faded away.
Unknown command.
You feel better. Something hits you. The heat melts your icy armour.
Casting: Hailstorm (safe; 1% risk of failure)
Confirm with . or Enter, or press ? or * to list all spells.
Casting: Frozen Ramparts (safe; 1% risk of failure)
Press: ? - help, Dir - look around, f - activate The walls around you are covered in ice.
The wall freezes something.
Something hits you but does no damage.
Unknown command.
Your icy armour and frozen ramparts will break if you move.
Continue?
Okay, then.
Your icy armour and frozen ramparts will break if you move.
Continue?
Okay, then.
Your icy armour and frozen ramparts will break if you move.
Continue?
You sock something!
The wall freezes something.
You hear some strange, mumbled words.
A lance of force appears from out of thin air!
The lance of force hits you!
* * * LOW HITPOINT WARNING * * *
Your icy armour cracks and falls away as you move.
The frozen ramparts melt away as you move.
You are knocked back by the lance of force.
You see here a scroll of poison.
You hear some strange, mumbled words.
A bolt of poison appears from out of thin air!
The bolt of poison hits you!!
You are poisoned.
You die...

..##..#........#.#......... #.)#
...#..#........#.#<)....... #..#
...#..#......#'#.#......... #..#
...#..#......#...)))....... #..#
...#..#......#...#))....... #..#
..##..#......#...#......... #..#
..#...'......#...#############..#
..#...######.#.......{....?.....#
..#........###..@...............#
..#...............?...........###
..#...........................#
..#.........###############...#
..####.##'#+#.... #...#
.....#.#......... #...#
.....###......... #####
.................
.................


There were no monsters in sight!

Vanquished Creatures
  Sigmund (D:5)
  2 orc warriors
  An ice beast (D:7)
  2 sky beasts
  A black bear (D:8)
  An ogre (D:7)
  3 centaurs
  A phantom (D:6)
  4 kobold brigands
  2 gnoll sergeants
  3 bullfrogs
  2 scorpions
  12 wights
  7 killer bees (D:7)
  4 crimson imps (D:3)
  3 jellies
  4 orc priests
  4 hounds
  3 iguanas
  4 orc wizards
  Robin (D:4)
  4 gnolls (D:9)
  6 adders
  3 shadow imps
  A white imp (D:6)
  2 ufetubi
  4 worms
  2 dart slugs (D:5)
  25 orcs
  3 bats
  9 endoplasms
  6 giant cockroaches
  19 goblins
  8 hobgoblins
  5 jackals
  23 kobolds
  3 quokkas
  14 ball pythons
  4 frilled lizards
  6 rats
212 creatures vanquished.

Notes
Turn   | Place    | Note
-------+----------+-------------------------------------------
     0 | D:1      | safid the Merfolk Ice Elementalist began the quest for the
                  | Orb.
     0 | D:1      | Reached XP level 1. HP: 13/13 MP: 3/3
   224 | D:1      | Reached XP level 2. HP: 15/20 MP: 5/5
   256 | D:1      | Reached skill level 1 in Fighting
   775 | D:1      | Reached XP level 3. HP: 26/26 MP: 6/6
   779 | D:1      | Learned a level 3 spell: Frozen Ramparts
  1534 | D:2      | Reached skill level 5 in Ice Magic
  1848 | D:2      | Reached XP level 4. HP: 17/33 MP: 5/8
  1852 | D:2      | Learned a level 3 spell: Ozocubu's Armour
  2226 | D:3      | Found a faded altar of an unknown god.
  2448 | D:3      | Found a shimmering altar of Xom.
  2582 | D:3      | Reached XP level 5. HP: 40/40 MP: 2/9
  2963 | D:3      | Reached XP level 6. HP: 41/47 MP: 2/11
  3293 | D:3      | Found a glowing golden altar of the Shining One.
  3387 | D:4      | Noticed Robin
  3412 | D:4      | Killed Robin
  3584 | D:4      | Found a staircase to the Ecumenical Temple.
  3596 | Temple   | Entered the Ecumenical Temple
  3664 | Temple   | Became a worshipper of Vehumet
  3755 | D:4      | Found a runed translucent gate.
  3755 | D:4      | Found a runed translucent gate.
  3755 | D:4      | Found a runed translucent gate.
  3819 | D:4      | Found a glowing silver altar of Zin.
  3986 | D:4      | Noticed rvierbuc's ghost (amateur DsGl)
  4115 | D:4      | Found a bloodstained altar of Trog.
  4219 | D:5      | Entered Level 5 of the Dungeon
  4339 | D:5      | Reached skill level 6 in Ice Magic
  4666 | D:5      | Reached XP level 7. HP: 14/54 MP: 5/13
  4668 | D:5      | Noticed Sigmund
  4915 | D:5      | Reached * piety under Vehumet
  4915 | D:5      | Offered knowledge of Foxfire by Vehumet.
  4957 | D:5      | Killed Sigmund
  5236 | D:5      | Found a runed translucent door.
  5237 | D:5      | Noticed Crazy Yiuf
  5531 | D:6      | Reached skill level 5 in Spellcasting
  5531 | D:6      | Reached skill level 7 in Ice Magic
  5531 | D:6      | Reached XP level 8. HP: 55/60 MP: 11/15
  5858 | D:6      | Found a runed translucent gate.
  5859 | D:6      | Found a runed translucent gate.
  5861 | D:6      | Found a runed translucent gate.
  5885 | D:6      | Reached skill level 5 in Dodging
  6828 | D:6      | Noticed middlethird's ghost (amateur FoNe)
  6829 | D:6      | Noticed gohan83's ghost (novice DECj)
  6859 | D:6      | Learned a level 3 spell: Hailstorm
  7062 | D:7      | Reached skill level 1 in Conjurations
  7062 | D:7      | Reached skill level 8 in Ice Magic
  7449 | D:7      | Reached XP level 9. HP: 41/65 MP: 13/18
  7536 | D:7      | Found a sacrificial altar of Ru.
  7713 | D:7      | Offered knowledge of Searing Ray by Vehumet.
  7977 | D:7      | Learned a level 5 spell: Freezing Cloud
  8044 | D:7      | Reached ** piety under Vehumet
  8429 | D:7      | Reached skill level 1 in Air Magic
  8697 | D:7      | Reached skill level 9 in Ice Magic
  9137 | D:8      | Found a staircase to the Lair.
  9238 | D:8      | Reached skill level 5 in Fighting
  9402 | D:8      | Reached XP level 10. HP: 60/74 MP: 15/20
  9559 | D:8      | Offered knowledge of Static Discharge by Vehumet.
  9913 | D:9      | Found Pecism's Magic Scroll Shoppe.
  9916 | D:9      | Bought a scroll of identify for 28 gold pieces
 10063 | D:9      | Noticed Erica
 10072 | D:9      | Reached *** piety under Vehumet
 10092 | D:9      | Killed from afar by Erica

Illustrated notes

Levels and vault maps discovered:
D:1:      dpeg_arrival_prison, layout_basic, nicolae_figureground_sparkle
D:2:      layout_basic
D:3:      layout_basic, mainiacjoe_overflow_alcove_1, led_xom_imps,
          basic_ecumenical_altar, grunt_ministairs_1, st_stairs_8
D:4:      layout_cave_pools, kennysheep_mini_moat,
          nicolae_overflow_crystal_walls, temple_pool_b,
          gammafunk_ghost_necromancy, uniq_robin
D:5:      layout_rooms, uniq_crazy_yiuf_cottage, uniq_sigmund
D:6:      layout_basic, gammafunk_ghost_cemetery, nrook_campfire,
          chequers_serial_rivers_micro_e, minmay_fractal_squares_5
D:7:      layout_loops_ring, nicolae_ru_great_annihilating_truth,
          minmay_manual_mares
D:8:      minmay_spotlight, layout_basic, lair_entry_dummy,
          hangedman_decor_growths
D:9:      layout_irregular_city, nicolae_overflow_quartered_altars,
          nicolae_stop_n_shop_1, minmay_bent, uniq_erica
Temple:   nicolae_temple_bog_church

Skill      XL: |  1  2  3  4  5  6  7  8  9 |
---------------+----------------------------+-----
Fighting       | 1 2 3 4 5 |  5.9
Ice Magic      | 5 6 7 8 9 |  9.5
Spellcasting   | 3 4 5 6 7 |  7.2
Dodging        | 3 4 6 8 |  8.0
Conjurations   | 1 3 |  3.4
Air Magic      | 2 |  2.5
Stealth        | |  2.1

Action                     |  1- 3 |  4- 6 |  7- 9 | 10-12 || total
---------------------------+-------+-------+-------+-------++-------
  Melee: Short sword       |   157 |    54 |       |       ||   211
         Punch             |     2 |     1 |     3 |       ||     6
         Dagger            |       |   106 |   132 |       ||   238
         Falchion          |       |       |    64 |       ||    64
         Dire flail        |       |       |    49 |    22 ||    71
   Cast: Freeze            |    16 |    27 |     3 |       ||    46
         Frozen Ramparts   |     1 |    14 |    46 |     7 ||    68
         Ozocubu's Armour  |       |     4 |    36 |     5 ||    45
         Hailstorm         |       |       |       |     4 ||     4
  Evoke: Wand              |       |       |    12 |       ||    12
    Use: Scroll            |       |       |    10 |     2 ||    12
         Potion            |       |       |     2 |     1 ||     3
   Stab: Sleeping          |     5 |     9 |       |       ||    14
         Paralysed         |       |       |     1 |       ||     1
 Armour: Robe              |    26 |    37 |    62 |     4 ||   129
  Dodge: Dodged            |    87 |    98 |   212 |    18 ||   415
